 Dungeon Crawl Stone Soup version 0.30.0-29-ga12c61a403 (webtiles) character file.

Game seed: 3791902445422244952

9615 GimliDwarf the Zephyrmancer (level 11, 0/54 HPs)
             Began as a Tengu Air Elementalist on June 5, 2023.
             Was an Elder of Vehumet.
             Slain by a vampire mosquito (8 damage)
             ... on level 10 of the Dungeon.
             The game lasted 00:40:36 (9790 turns).

GimliDwarf the Zephyrmancer (TeAE)                  Turns: 9790, Time: 00:40:38

Health: 0/54       AC:  9    Str: 10    XL:     11   Next: 49%
Magic:  14/25      EV: 19    Int: 20    God:    Vehumet [****..]
Gold:   671        SH:  5    Dex: 15    Spells: 1/29 levels left

rFire   . . .        d - +3 rapier of Ypreez {elec, rElec Will- Str+2 SInv}
rCold   . . .        (no shield)
rNeg    . . .        z - +2 leather armour {Will+}
rPois   .            (helmet restricted)
rElec   +            D - +2 cloak {rCorr}
rCorr   +            C - +0 pair of gloves
SInv    +            (boots unavailable)
Will    .....        r - amulet of reflection
Stlth   ++           l - +5 ring of evasion
HPRegen 0.29/turn    i - ring of wizardry
MPRegen 0.19/turn

%: reflection, wizardry (x1)
@: flying quickly and evasively, quick
A: beak, talons 3, nimble flight
a: Renounce Religion


You were on level 10 of the Dungeon.
You worshipped Vehumet.
Vehumet was greatly pleased with you.
You visited 2 branches of the dungeon, and saw 11 of its levels.

You collected 671 gold pieces.

Inventory:

Hand Weapons
 d - the +3 rapier of Ypreez (weapon) {elec, rElec Will- Str+2 SInv}
   (You found it on level 6 of the Dungeon)

   Str:       It affects your strength (+2).
   rElec:     It insulates you from electricity.
   SInv:      It lets you see invisible.
   Will:      It decreases your willpower.
 L - a +5 heavy scimitar
Missiles
 B - 3 throwing nets
Armour
 a - a +1 robe
 z - a +2 leather armour of willpower (worn)
 C - a +0 pair of gloves (worn)
 D - a +2 cloak of preservation (worn)
 J - +0 acid dragon scales
Jewellery
 h - a +6 ring of strength
 i - a ring of wizardry (right hand)
 k - the amulet "Rumism" {RegenMP Rampage MP+9 Dex+3}
   (You found it on level 2 of the Dungeon)

   [amulet of magic regeneration]

   It increases your rate of magic regeneration.
   Dex:       It affects your dexterity (+3).
   MP:        It affects your magic capacity (+9).
   Rampage:   It bestows one free step when moving towards enemies.
 l - a +5 ring of evasion (left hand)
 r - an amulet of reflection (around neck)
 t - an amulet of regeneration
 A - a +6 ring of dexterity
Wands
 n - a wand of iceblast (11)
 s - a wand of charming (9)
 E - a wand of mindburst (18)
 H - a wand of flame (50)
 K - a wand of digging (6)
Scrolls
 e - 5 scrolls of teleportation
 m - a scroll of brand weapon
 y - a scroll of silence
 M - a scroll of poison
Potions
 b - a potion of magic
 c - a potion of brilliance
 f - 2 potions of lignification
 g - 2 potions of might
 j - 3 potions of resistance
 p - 6 potions of curing
 q - 2 potions of heal wounds
 x - a potion of cancellation
 I - a potion of ambrosia
 N - a potion of haste {unknown}


   Skills:
 + Level 3.4 Armour
 - Level 2.1 Dodging
 - Level 2.0 Stealth
 + Level 9.7 Spellcasting
 * Level 11.0 Conjurations
 * Level 4.4 Transmutations
 + Level 0.1 Fire Magic
 + Level 13.3 Air Magic


You had one spell level left.
You knew the following spells:

 Your Spells              Type           Power      Damage    Failure   Level
a - Shock                 Conj/Air       100%       1d9       1%          1
b - Static Discharge      Conj/Air       100%       2-7/arc   1%          2
c - Airstrike             Air            29%        2d(5-21)  1%          4
d - Blink                 Tloc           20%        N/A       6%          2
e - Storm Form            Tmut/Air       22%        N/A       58%         7
f - Scorch                Fire           20%        2d6       1%          2
g - Frozen Ramparts       Ice            18%        1d3       3%          3
h - Ignite Poison         Fire/Tmut/Pois 15%        N/A       1%          3
i - Iskenderun's Mystic   Conj/Tloc      31%        2d8       1%          4

Your spell library contained the following spells:

 Spells                   Type           Power      Damage    Failure   Level
 Arcjolt                  Conj/Air       27%        1d37      1%          5
 Freeze                   Ice            36%        1d5       1%          1
 Magic Dart               Conj           100%       1d8       1%          1
 Sandblast                Erth           18%        2d7       1%          1
 Slow                     Hex            36%        N/A       4%          1
 Momentum Strike          Conj/Tloc      62%        3d9       1%          2
 Dazzling Flash           Conj/Hex       62%        N/A       1%          3
 Hailstorm                Conj/Ice       31%        3d8       1%          3
 Mephitic Cloud           Conj/Pois/Air  42%        N/A       1%          3
 Stone Arrow              Conj/Erth      62%        3d10      1%          3
 Swiftness                Air            58%        N/A       1%          3
 Irradiate                Conj/Tmut      20%        3d18      1%          5
 Passwall                 Tmut/Erth      15%        N/A       2%          2
 Volatile Blastmotes      Fire/Tloc      20%        2d11      3%          3
 Call Imp                 Summ           18%        N/A       6%          2
 Lesser Beckoning         Tloc           20%        N/A       6%          2
 Sublimation of Blood     Necr           9%         N/A       6%          2
 Confusing Touch          Hex            9%         N/A       12%         3
 Vampiric Draining        Necr           9%         2d6       12%         3
 Petrify                  Tmut/Erth      18%        N/A       16%         4
 Starburst                Conj/Fire      15%        6d6       16%         6
 Manifold Assault         Tloc           10%        N/A       32%         4
 Alistair's Intoxication  Tmut/Pois      12%        N/A       38%         5
 Eringya's Noxious Bog    Tmut/Pois      9%         N/A       47%         6
 Borgnjor's Vile Clutch   Necr/Erth      4%         N/A       67%         5


Dungeon Overview and Level Annotations

Branches:
Dungeon (10/15)            Temple (1/1) D:4            Lair (0/5) D:10
    Orc (0/2) D:9

Altars:
Ashenzari
Cheibriados
Dithmenos
Elyvilon
Fedhas
Gozag
Hepliaklqana
Kikubaaqudgha
Makhleb
Nemelex Xobeh
Okawaru
Qazlal
Ru
Sif Muna
Trog
Uskayaw
Vehumet
Wu Jian
Xom
Yredelemnul
Zin
The Shining One


Innate Abilities, Weirdness & Mutations

You have a beak for a mouth.
You have claws for feet.
Your magical nature lets you fly swiftly and evasively.


Message History

The cyclops shouts!
A vampire mosquito comes into view.
The vampire mosquito buzzes angrily.
Casting: Airstrike (safe; 1% risk of failure)
Confirm with . or Enter, or press ? or * to list all spells.
Aiming: Airstrike (safe; 1% risk of failure)
Press: ? - help, Dir - move target, f - cyclops
Aim: a cyclops, quivering large rocks (empty space bonus: 4/8)
The air twists around and strikes the cyclops!
The cyclops is moderately wounded.
Casting: Airstrike (safe; 1% risk of failure)
Confirm with . or Enter, or press ? or * to list all spells.
Aiming: Airstrike (safe; 1% risk of failure)
Press: ? - help, Dir - move target, f/p - cyclops
Aim: a cyclops, quivering large rocks (moderately wounded, empty space bonus: 5/8)
The air twists around and strikes the cyclops!
The cyclops is severely wounded.
Unknown command.
The vampire mosquito misses you.
The vampire mosquito attacks as you move away!
The vampire mosquito closely misses you.
The centaur warrior shouts!
You hear an angry hiss.
The centaur warrior shoots an arrow.
The arrow hits you!!
There is a stone staircase leading down, spattered with blood here.
The vampire mosquito closely misses you.
The vampire mosquito completely misses you.
The centaur warrior shoots an arrow.
The arrow hits you!!
* * * LOW HITPOINT WARNING * * *
You fly downwards.
There is a stone staircase leading up here.
Casting: Airstrike (safe; 1% risk of failure)
Confirm with . or Enter, or press ? or * to list all spells.
Aiming: Airstrike (safe; 1% risk of failure)
Press: ? - help, Dir - move target, f - vampire mosquito
Aim: a vampire mosquito (empty space bonus: 4/8)
The air twists around and strikes the vampire mosquito!
The vampire mosquito is moderately damaged.
The vampire mosquito completely misses you.
The vampire mosquito bites you!
You die...

###.............##..~~....~....~.
# #..............#...≈~≈~≈~......
#..#.............~.~≈≈≈≈.~.~~..
#..#............~.≈≈≈≈≈≈~~~~...
#..##.###.......≈≈~≈~≈~≈≈≈≈~...
#..#### ##......~≈≈≈≈)~.~.~~~~.
###..# ##.....~≈≈≈≈~....≈≈≈..
.##..# ###y..≈≈≈≈≈..>.~.~~..
..#..# ##@.~≈≈≈~~....≈~.~~ .....#
###~≈≈≈~~..~.~≈~.. .....#
#.~~≈~.~.~.≈~≈.. .....#
#..~≈~.~.~≈≈~... .....#
#..~~~≈≈.~≈≈~... ..#..#
#....≈≈~.≈≈≈≈≈.. ..#..####
#...~~≈~.~~~~~.. ..#..#..##
#.~~~≈≈≈.~.~≈... .##..#...##
#....≈≈~.~.≈~...


You could see a vampire mosquito.

Vanquished Creatures
  2 two-headed ogres
  Nergalle (D:10)
  Pikel (D:7)
  Joseph (D:7)
  2 unseen horrors (D:10)
  Maggie (D:7)
  2 trolls
  3 wyverns
  3 yaks (D:9)
  A steam dragon (D:4)
  Duvessa (D:7)
  A water moccasin (D:8)
  2 ice beasts (D:8)
  2 sky beasts (D:8)
  2 ogres
  2 centaurs
  2 wolves (D:10)
  2 phantoms
  2 kobold brigands
  A bullfrog (D:6)
  A gnoll sergeant (D:6)
  2 scorpions
  16 wights
  Dowan (D:7)
  18 killer bees
  5 electric eels (D:10)
  A howler monkey (D:5)
  A bullfrog zombie (D:5)
  4 crimson imps (D:8)
  10 hounds
  4 jellies
  2 orc priests (D:6)
  2 gnoll boudas (D:7)
  2 sleepcaps
  2 iguanas
  7 orc wizards
  A scorpion zombie (D:5)
  2 killer bee zombies (D:5)
  A hound zombie (D:5)
  A hound skeleton (D:5)
  A howler monkey zombie (D:5)
  10 adders
  14 gnolls
  A howler monkey skeleton (D:5)
  2 shadow imps
  3 white imps
  3 worms
  3 dart slugs
  30 orcs
  3 bats
  2 endoplasms
  4 giant cockroaches
  8 hobgoblins
  4 quokkas
  5 ball pythons
  3 frilled lizards
  4 goblins
  18 kobolds
  2 rats
237 creatures vanquished.

Notes
Turn   | Place    | Note
-------+----------+-------------------------------------------
     0 | D:1      | GimliDwarf the Tengu Air Elementalist began the quest for
                  | the Orb.
     0 | D:1      | Reached XP level 1. HP: 10/10 MP: 4/4
  1118 | D:2      | Reached XP level 2. HP: 15/15 MP: 4/6
  1121 | D:2      | Learned a level 2 spell: Static Discharge
  1283 | D:2      | Identified the amulet "Rumism" {RegenMP Rampage MP+9 Dex+3}
  1360 | D:2      | Reached XP level 3. HP: 18/19 MP: 7/7
  1485 | D:2      | Found a faded altar of an unknown god.
  1695 | D:2      | Reached skill level 5 in Air Magic
  1821 | D:3      | Reached XP level 4. HP: 24/24 MP: 8/8
  1855 | D:3      | Learned a level 4 spell: Airstrike
  2245 | D:3      | Found an iron altar of Okawaru.
  2758 | D:4      | Gained mutation: Your magical nature lets you fly swiftly
                  | and evasively. [Tengu growth]
  2758 | D:4      | Reached XP level 5. HP: 25/28 MP: 10/10
  2794 | D:4      | Found a radiant altar of Vehumet.
  2806 | D:4      | Became a worshipper of Vehumet
  2823 | D:4      | Noticed a steam dragon
  2888 | D:4      | Noticed an ogre
  2896 | D:4      | Found a staircase to the Ecumenical Temple.
  2912 | Temple   | Entered the Ecumenical Temple
  3032 | D:4      | Killed an ogre
  3033 | D:4      | Reached skill level 5 in Conjurations
  3033 | D:4      | Reached XP level 6. HP: 32/32 MP: 12/12
  3076 | D:4      | Reached skill level 6 in Air Magic
  3108 | D:4      | Killed a steam dragon
  3152 | D:4      | Reached XP level 7. HP: 36/36 MP: 13/13
  3445 | D:5      | Entered Level 5 of the Dungeon
  3530 | D:5      | Reached skill level 7 in Air Magic
  3580 | D:5      | Reached * piety under Vehumet
  3580 | D:5      | Offered knowledge of Kiss of Death by Vehumet.
  3670 | D:5      | Noticed a two-headed ogre
  3681 | D:5      | Killed a two-headed ogre
  3682 | D:5      | Reached skill level 5 in Spellcasting
  3682 | D:5      | Reached skill level 8 in Air Magic
  3682 | D:5      | Reached XP level 8. HP: 41/41 MP: 12/17
  3748 | D:5      | Learned a level 2 spell: Blink
  3793 | D:5      | Found a hazy altar of Hepliaklqana.
  4096 | D:5      | Reached skill level 9 in Air Magic
  4242 | D:5      | Reached skill level 1 in Transmutations
  4406 | D:5      | Learned a level 7 spell: Storm Form
  4439 | D:6      | Reached XP level 9. HP: 45/45 MP: 19/19
  4757 | D:6      | Identified the +3 rapier of Ypreez {elec, rElec Will- Str+2
                  | SInv}
  5053 | D:7      | Reached ** piety under Vehumet
  5053 | D:7      | Offered knowledge of Scorch by Vehumet.
  5067 | D:7      | Learned a level 2 spell: Scorch
  5096 | D:7      | Reached skill level 10 in Air Magic
  5130 | D:7      | Noticed Joseph
  5355 | D:7      | Noticed Maggie
  5355 | D:7      | Noticed Duvessa
  5355 | D:7      | Noticed Dowan
  5468 | D:7      | Killed Joseph
  5469 | D:7      | Reached skill level 1 in Armour
  5612 | D:7      | Noticed Pikel
  5631 | D:7      | Killed Pikel
  5703 | D:7      | Reached XP level 10. HP: 50/50 MP: 22/22
  5709 | D:7      | Offered knowledge of Frozen Ramparts by Vehumet.
  5729 | D:7      | Reached skill level 11 in Air Magic
  5779 | D:7      | Found an ancient bone altar of Kikubaaqudgha.
  5945 | D:7      | Found a blossoming altar of Fedhas.
  5991 | D:7      | Killed Maggie
  6086 | D:7      | Killed Duvessa
  6086 | D:7      | Reached *** piety under Vehumet
  6090 | D:7      | Killed Dowan
  6341 | D:8      | Learned a level 3 spell: Frozen Ramparts
  6956 | D:8      | Found a shimmering altar of Xom.
  6957 | D:8      | Offered knowledge of Ignite Poison by Vehumet.
  6962 | D:8      | Learned a level 3 spell: Ignite Poison
  7117 | D:9      | Noticed a five-headed hydra
  7178 | D:9      | Found a staircase to the Orcish Mines.
  7183 | D:9      | Reached skill level 12 in Air Magic
  7537 | D:9      | Reached skill level 10 in Conjurations
  7864 | D:9      | Noticed a two-headed ogre
  7889 | D:9      | Killed a two-headed ogre
  7890 | D:9      | Reached XP level 11. HP: 54/54 MP: 25/25
  8360 | D:9      | Noticed a centaur warrior
  8755 | D:10     | Entered Level 10 of the Dungeon
  8768 | D:10     | Found an opulent altar of Gozag.
  8866 | D:10     | Learned a level 4 spell: Iskenderun's Mystic Blast
  8922 | D:10     | Reached skill level 13 in Air Magic
  8953 | D:10     | Found a staircase to the Lair.
  9100 | D:10     | Reached **** piety under Vehumet
  9156 | D:10     | Noticed Nergalle
  9167 | D:10     | Killed Nergalle
  9354 | D:10     | Offered knowledge of Arcjolt by Vehumet.
  9381 | D:10     | Found a hide-covered altar of Uskayaw.
  9779 | D:9      | Noticed a cyclops
  9790 | D:10     | Slain by a vampire mosquito

Illustrated notes

Levels and vault maps discovered:
D:1:      shiori_shiawase, layout_basic
D:2:      layout_rooms, nicolae_ecumenical_pavilion
D:3:      layout_basic, mainiacjoe_overflow_chevrons,
          hangedman_decor_clover_reticule, minmay_misc_feat_columns,
          ebering_dispersal_statue_hall, skrybe_limestone_x
D:4:      layout_cave_pools, vehumet_crystals, temple_statues
D:5:      layout_loops_ring, kennysheep_mini_moat, serial_undead,
          serial_undead_a, serial_undead_a, serial_undead_d, serial_undead_e,
          serial_undead_f, st_stairs_9
D:6:      layout_rooms, kennysheep_generic_room_3
D:7:      layout_rooms, grunt_temple_overflow_growth_and_decay, serial_glass,
          glass_columns_a, glass_columns_b, uniq_pikel, uniq_maggie,
          uniq_joseph, uniq_duvessa
D:8:      layout_gridville, led_xom_imps
D:9:      cheibrodos_elevator_heist, layout_loops_ring, orc_0_dummy
D:10:     layout_cave_pods, grunt_gozag_breadcrumbs, kennysheep_little_box,
          erik_lair_island, kennysheep_generic_room_5, uniq_nergalle
Temple:   nicolae_temple_two_arcs

Skill      XL: |  1  2  3  4  5  6  7  8  9 10 11 |
---------------+----------------------------------+-----
Conjurations   | 2 3 5 7 8 10 11 | 11.0
Air Magic      | 5 6 8 9 10 12 13 | 13.3
Spellcasting   | 3 5 6 7 9 |  9.7
Transmutations | 1 2 3 4 |  4.4
Armour         | 2 3 |  3.4
Dodging        | |  2.1
Stealth        | |  2.0
Fire Magic     | |  0.1

Action                     |  1- 3 |  4- 6 |  7- 9 | 10-12 || total
---------------------------+-------+-------+-------+-------++-------
  Melee: Unarmed           |       |       |     1 |       ||     1
         Rapier            |       |       |       |     8 ||     8
         Peck              |       |       |       |     2 ||     2
   Cast: Shock             |    86 |    65 |   124 |    51 ||   326
         Airstrike         |       |     4 |    61 |   132 ||   197
         Static Discharge  |       |       |       |     6 ||     6
         Scorch            |       |       |       |     2 ||     2
         Frozen Ramparts   |       |       |       |     2 ||     2
         Iskenderun's Myst |       |       |       |     3 ||     3
    Use: Scroll            |     4 |     5 |     3 |    10 ||    22
 Armour: Robe              |     1 |       |     2 |       ||     3
         Leather armour    |       |       |       |    12 ||    12
  Dodge: Dodged            |    14 |    15 |    67 |    65 ||   161
